 Dungeon Crawl Stone Soup version 0.18.1-8-gdd0e5ea (webtiles) character file.

159331 Liquid the Markself (level 17, -7/119 HPs)
             Began as a High Elf Hunter on June 7, 2016.
             Was a High Priest of Fedhas.
             Killed from afar by a greater naga (41 damage)
             ... with a poison arrow
             ... on level 4 of the Snake Pit.
             The game lasted 02:37:57 (30833 turns).

Liquid the Markself (High Elf Hunter)              Turns: 30833, Time: 02:37:58

Health: -7/119     AC: 13    Str: 11    XL:     17   Next: 16%
Magic:  20/23      EV: 25    Int: 24    God:    Fedhas [*****.]
Gold:   2088       SH:  0    Dex: 21    Spells: 4 memorised, 17 levels left

rFire  . . .     SeeInvis .     Z - +7 longbow "Piercer" {penet, EV-2}
rCold  + . .     Gourm    .     B - +0 leather armour "Fudgh" {Regen+ MP-9 Slay+5}
rNeg   . . .     Faith    .     (shield currently unavailable)
rPois  .         Spirit   .     b - +1 hat {MR+}
rElec  +         Dismiss  +     u - +2 cloak
rCorr  .         Reflect  .     R - +2 pair of gloves
SustAt .         Harm     .     (no boots)
MR     ++...                    T - amulet of dismissal
Stlth  ++++......               t - +2 ring of intelligence
                                W - ring of protection from cold

@: lethally poisoned (-7 -> -24), very resistant to hostile enchantments,
stealthy
A: hooves 1, slimy green scales 1, blink, clever 2, sense surroundings 1,
electricity resistance, evolution 1
a: Blink, Evolution, Sunlight, Growth, Reproduction, Rain, Renounce Religion


You were on level 4 of the Snake Pit.
You worshipped Fedhas.
Fedhas was extremely pleased with you.
You were full.

You visited 5 branches of the dungeon, and saw 30 of its levels.
You also visited: Sewer.

You collected 3246 gold pieces.
You spent 1158 gold pieces at shops.

Inventory:

Hand Weapons
 Y - a +3 longbow of flaming
 Z - the +7 longbow "Piercer" (weapon) {penet, EV-2}
   (You acquired it on level 2 of the Lair of Beasts)

   Ammo fired by it will pass through the targets it hits, potentially hitting
   all targets in its path until it reaches maximum range.
   It affects your evasion (-2).
Missiles
 d - 195 arrows (quivered)
Armour
 b - a +1 hat of magic resistance (worn)
 p - a +0 troll leather armour
 u - a +2 cloak (worn)
 B - the +0 leather armour "Fudgh" (worn) {Regen+ MP-9 Slay+5}
   (You bought it in a shop on level 2 of the Orcish Mines)

   It affects your accuracy and damage with ranged weapons and melee attacks
   (+5).
   It affects your magic capacity (-9).
   It increases your rate of regeneration.
 R - a +2 pair of gloves (worn)
Jewellery
 i - an uncursed ring of resist corrosion
 l - a +4 ring of strength
 r - an uncursed ring of see invisible
 t - a +2 ring of intelligence (right hand)
 A - an uncursed ring of flight
 T - an amulet of dismissal (around neck)
 W - a ring of protection from cold (left hand)
Wands
 c - a wand of teleportation (1/9)
 j - a wand of heal wounds (4/9)
 x - a wand of hasting (6/9)
 O - a wand of digging (12/24)
Scrolls
 a - a scroll of summoning
 h - 4 scrolls of blinking
 k - 5 scrolls of enchant armour
 m - 2 scrolls of fear
 E - 3 scrolls of fog
 H - a scroll of enchant weapon
 J - 9 scrolls of teleportation
 K - 8 scrolls of amnesia
 L - 8 scrolls of remove curse
 M - 11 scrolls of identify
 Q - 5 scrolls of magic mapping
 S - 2 scrolls of recharging
Potions
 e - 6 potions of brilliance
 n - 5 potions of heal wounds
 o - 6 potions of agility
 q - 14 potions of curing
 s - 4 potions of magic
 v - a potion of berserk rage
 w - 10 potions of lignification
 z - 2 potions of haste
 C - a potion of ambrosia
 F - 3 potions of cure mutation
 G - 7 potions of flight
 U - 2 potions of might
Books
 y - a book of Misfortune

   Spells                             Type                      Level
   a - Confusing Touch                Hexes                        2
   b - Confuse                        Hexes                        3
   c - Gell's Gravitas                Hexes/Translocation          3
   d - Petrify                        Transmutation/Earth          4
   e - Metabolic Englaciation         Hexes/Ice                    5
   f - Yara's Violent Unravelling     Hexes/Transmutation          5
 P - an Akashic Record

   Spells                             Type                      Level
   a - Dispersal                      Translocation                6
   b - Malign Gateway                 Summoning/Translocation      7
   c - Disjunction                    Translocation                8
   d - Controlled Blink               Translocation                8
Comestibles
 f - 17 bread rations
 g - 14 meat rations
 D - 5 royal jellies
 N - a beef jerky
 V - 22 fruits


   Skills:
 + Level 11.6 Fighting
 - Level 20.5 Bows
 - Level 8.0 Armour
 + Level 16.1 Dodging
 - Level 10.1 Stealth
 + Level 10.1 Spellcasting
 + Level 9.9 Translocations
 + Level 9.0 Invocations


You had 17 spell levels left.
You knew the following spells:

 Your Spells              Type           Power        Failure   Level  Hunger
a - Passage of Golubria   Tloc           N/A          1%          4    #......
b - Summon Butterflies    Summ           ##......     8%          1    None
c - Controlled Blink      Tloc           N/A          100%        8    #######
d - Dispersal             Tloc           ######....   21%         6    ######.


Dungeon Overview and Level Annotations

Branches:
Dungeon (15/15)            Temple (1/1) D:7            Lair (8/8) D:10
 Shoals (0/4) Lair:5        Snake (4/4) Lair:5        Slime (0/6) Lair:7
    Orc (2/2) D:10            Elf (0/3) Orc:2        Vaults (0/5) D:14
 Depths (0/5) D:15

Altars:
Ashenzari
Cheibriados
Dithmenos
Elyvilon
Fedhas
Gozag
Kikubaaqudgha
Makhleb
Nemelex Xobeh
Okawaru
Pakellas
Qazlal
Ru
Sif Muna
Trog
Vehumet
Xom
Yredelemnul
Zin
The Shining One

Shops:
D:15 !   Orc:1 ?   Orc:2 [?%(

Annotations:
D:8 Prince Ribbit
D:10 Fannar
Lair:3 mrath's ghost, journeyman TrHu


Innate Abilities, Weirdness & Mutations

You have large cloven feet.
You are partially covered in slimy green scales (AC +2).
You can translocate small distances at will.
Your mind is very acute. (Int +4)
You passively map a small area around you.
You are resistant to electric shocks.
You evolve.


Message History

Press: ? - help, Dir - move target cursor, f - toadstool
Aim: a toadstool (peaceful, can evolve into a wandering mushroom)
The floor.
The toadstool can now pick up its mycelia and move.
Your piety has decreased.
You feel sick.
Select plant or fungus to evolve.
Press: ? - help, Dir - move target cursor, f - toadstool, p - wandering mushroom
Aim: a toadstool (peaceful, can evolve into a wandering mushroom)
The floor.
The toadstool can now pick up its mycelia and move.
Your piety has decreased.
You feel sick.
You start resting.
You feel sick. x2
You feel sick.
You feel sick.
You feel sick.
The greater naga points at you and mumbles some strange words.
The poison arrow hits you!
You are more poisoned.
You die...
Fedhas appreciates your contribution to the ecosystem.

*,* #.##..)..†..###..#.,,,,,,*
**,* ##.##..).##)###...#.,,,,,,*
,,,####..#...#.##.........,,,,,,*
,,,.....#..)...).....##..********
,**#.......)))f../.|..#*,*
**#......()..)fff...#.#*,*
**.(..).)()N.ff.P#....(.,*
*.....P(((#)....####....#***
*.......<.#....@# *,......,**
*........)####### *,,...#.,,*
*..........,*** *,,...#**,***
**,...((((((,,,* *,,,..#**,,,*
*,,...(..##)+*** *****,,******
*,,.....#*,(.,** ******,******
,,,,,,,**,,,,,,** **,,,,,,,,,,,**
,,,,,,**,,,**,,,***,,,,,,,,,,,,,*
,,,,,**,,,****,,,**,,,,,,,,,,,,,,


You could see a greater naga and 6 friendly wandering mushrooms.

Vanquished Creatures
  Rupert (Lair:3)
  Gastronok (Lair:3)
  Kirke (D:15)
  Roxanne (D:15)
  Donald (Snake:1)
  6 greater nagas
  Wiglaf (Snake:4)
  A frost giant (D:15)
  Aizul (Snake:4)
  Nessos (Lair:7)
  Josephine (Lair:8)
  Snorg (Lair:3)
  A fire dragon (Lair:8)
  A yaktaur captain (D:14)
  5 hydras
  5 naga warriors
  6 anacondas
  Erolcha (D:8)
  4 centaur warriors
  Erica (D:8)
  2 ogre magi (Orc:2)
  2 death yaks (Lair:6)
  A queen ant (Lair:5)
  3 iron golems (D:13)
  A tengu warrior (D:13)
  9 naga sharpshooters
  10 shock serpents
  Nergalle (Lair:3)
  Sonja (Orc:2)
  An iron troll (Orc:2)
  5 salamander mystics
  2 unseen horrors
  A wizard (D:15)
  Pikel (D:4)
  A deep troll (Orc:2)
  4 naga ritualists
  An orc knight (Orc:2)
  A deep elf mage (D:14)
  8 hill giants
  A lindwurm (Lair:5)
  3 griffons
  An orc sorcerer (Orc:1)
  A wandering mushroom (Snake:1)
  5 mana vipers
  6 cyclopes
  9 ugly things
  10 salamanders
  5 guardian serpents
  8 naga magi
  29 black mambas
  Joseph (D:8)
  2 gargoyles (D:12)
  A torpor snail (Lair:6)
  10 spiny frogs
  10 rime drakes
  7 komodo dragons
  A kobold demonologist (D:15)
  3 yaktaurs
  12 trolls
  A polar bear (Lair:3)
  15 blink frogs
  Grinder (D:5)
  11 two-headed ogres
  2 shadows
  Sigmund (D:5)
  A wyvern (D:13)
  5 redbacks (Snake:2)
  4 wraiths
  Grum (D:8)
  2 hogs (D:15)
  9 basilisks
  53 yaks
  The ghost of Scarto the Skirmisher, an amateur DsFi (Sewer)
  5 vampire mosquitoes
  A mottled dragon (Lair:8)
  11 hippogriffs
  5 wargs
  38 nagas
  15 soldier ants
  21 water moccasins
  9 porcupines
  Duvessa (D:5)
  4 sky beasts
  8 orc warriors
  4 wasps
  3 ice beasts
  5 black bears
  Purgy (Sewer)
  A slave (D:3)
  3 swamp drakes (Lair:8)
  24 ogres
  4 phantoms
  4 boggarts (D:14)
  2 necrophages
  20 wolves
  An eye of draining (D:13)
  15 centaurs
  18 crocodiles
  8 big kobolds
  23 giant frogs
  Dowan (D:5)
  A gnoll sergeant (D:6)
  A wyvern skeleton (D:13)
  2 scorpions
  13 killer bees
  17 wights
  4 electric eels
  2 howler monkeys
  14 crimson imps
  2 giant frog zombies
  2 quasits
  13 hounds
  14 orc priests
  Crazy Yiuf (D:2)
  2 gnoll shamans
  18 jellies
  A giant frog skeleton (D:8)
  18 iguanas
  Ijyb (D:2)
  44 worker ants
  19 orc wizards
  44 sheep
  A hound skeleton (D:10)
  A worker ant zombie (D:6)
  10 gnolls
  17 adders
  45 river rats
  6 shadow imps
  4 oozes
  An adder skeleton (D:9)
  5 worms
  2 dart slugs
  10 giant geckos
  61 orcs
  3 giant cockroaches
  11 goblins
  16 hobgoblins
  15 jackals
  33 kobolds
  4 quokkas
  3 ball pythons
  8 bats
  A giant gecko skeleton (D:6)
  A giant gecko zombie (D:7)
  11 giant newts
  A jackal skeleton (D:5)
  3 quokka skeletons
  9 rats
  A butterfly (D:7)
  A plant (D:6)
  A toadstool (Orc:1)
1101 creatures vanquished.

Vanquished Creatures (collateral kills)
  2 anacondas
  2 naga warriors
  2 shock serpents
  A cyclops (Orc:1)
  2 salamanders
  2 guardian serpents
  6 black mambas
  2 naga magi (Snake:4)
  A gargoyle (D:14)
  A redback (Snake:2)
  2 nagas (Snake:4)
  A sheep (Orc:2)
  2 orcs
  A ball python (Snake:1)
27 creatures vanquished.

Vanquished Creatures (others)
  28 wandering mushrooms
  An oklob plant (Lair:5)
  A black mamba (Snake:2)
  A guardian serpent (Snake:4)
  The ghost of juanjsm the Changer, an amateur OpTm (D:4)
  An adder (D:10)
  A river rat (Lair:5)
  2 jackals (D:4)
  14 fungi
  15 plants
  788 toadstools
853 creatures vanquished.

Grand Total: 1981 creatures vanquished

Notes
Turn   | Place    | Note
--------------------------------------------------------------
     0 | D:1      | Liquid the High Elf Hunter began the quest for the Orb.
     0 | D:1      | Reached XP level 1. HP: 14/14 MP: 2/2
    89 | D:1      | Reached XP level 2. HP: 13/19 MP: 3/3
   450 | D:1      | Reached XP level 3. HP: 25/25 MP: 4/4
  1214 | D:2      | Reached skill level 6 in Bows
  1214 | D:2      | Reached XP level 4. HP: 30/30 MP: 5/5
  1614 | D:2      | Found a shimmering altar of Xom.
  1882 | D:2      | Noticed Ijyb
  1893 | D:2      | Killed Ijyb
  1893 | D:2      | Reached XP level 5. HP: 36/36 MP: 6/6
  2003 | D:2      | Noticed Crazy Yiuf
  2025 | D:2      | Killed Crazy Yiuf
  2135 | D:2      | Reached skill level 7 in Bows
  2447 | D:3      | Reached XP level 6. HP: 36/42 MP: 7/7
  2883 | D:4      | Got a twisted spear
  2884 | D:4      | Identified the +10 spear "Megoa" {flame, Str+3 Int+3 SInv} (You found it on level 4 of the Dungeon)
  2898 | D:4      | Noticed a slave
  2900 | D:4      | Noticed a slave
  2905 | D:4      | Noticed Pikel
  2906 | D:4      | Noticed a slave
  2908 | D:4      | Noticed a slave
  2916 | D:4      | Noticed juanjsm's ghost (amateur OpTm)
  2926 | D:3      | Killed a slave
  3635 | D:4      | Reached skill level 8 in Bows
  3635 | D:4      | Reached XP level 7. HP: 40/47 MP: 8/8
  3662 | D:4      | Killed Pikel
  3662 | D:4      | Reached skill level 5 in Dodging
  3680 | D:4      | Killed juanjsm's ghost
  3680 | D:4      | Reached XP level 8. HP: 35/54 MP: 9/9
  3760 | D:5      | Entered Level 5 of the Dungeon
  3766 | D:5      | Noticed Sigmund
  3773 | D:5      | Reached skill level 5 in Stealth
  3778 | D:5      | Killed Sigmund
  3778 | D:5      | Reached skill level 5 in Fighting
  3795 | D:5      | Got a polished whip
  3808 | D:5      | Identified the +3 whip of the Cup {freeze, MP+9 Str+6 Int+2} (You found it on level 5 of the Dungeon)
  3848 | D:5      | Reached skill level 9 in Bows
  4026 | D:5      | Found a glowing drain.
  4038 | Sewer    | Entered a sewer
  4083 | Sewer    | Noticed Purgy
  4088 | Sewer    | Noticed Scarto's ghost (amateur DsFi)
  4093 | Sewer    | Killed Purgy
  4109 | Sewer    | Killed Scarto's ghost
  4510 | D:5      | Noticed Grinder
  4519 | D:5      | Killed Grinder
  4570 | D:5      | Found an oddly glowing altar of Pakellas.
  4606 | D:5      | Reached XP level 9. HP: 58/62 MP: 10/10
  4704 | D:5      | Found a white marble altar of Elyvilon.
  4704 | D:5      | Noticed Dowan
  4705 | D:5      | Noticed Duvessa
  4718 | D:5      | Killed Duvessa
  4726 | D:5      | Killed Dowan
  4749 | D:5      | Found a radiant altar of Vehumet.
  4749 | D:5      | Found a snail-covered altar of Cheibriados.
  5186 | D:6      | Learned a level 4 spell: Passage of Golubria
  5196 | D:6      | Reached skill level 10 in Bows
  5674 | D:6      | Found a bloodstained altar of Trog.
  5765 | D:6      | Gained mutation: You are frail (-10% HP). [potion of mutation]
  5765 | D:6      | Gained mutation: You possess an exceptional clarity of mind. [potion of mutation]
  5765 | D:6      | Gained mutation: You are resistant to electric shocks. [potion of mutation]
  5997 | D:6      | Gained mutation: You evolve. [potion of mutation]
  5997 | D:6      | Gained mutation: You are clumsy. (Dex -2) [potion of mutation]
  5997 | D:6      | Gained mutation: Scrolls take you a little longer to read. [potion of mutation]
  6033 | D:6      | Gained mutation: You have a pair of small antennae on your head. [evolution]
  6151 | D:6      | Reached XP level 10. HP: 62/62 MP: 11/11
  6574 | D:7      | Noticed a moth of wrath
  6577 | D:7      | Found a bloodstained altar of Trog.
  6602 | D:7      | Got a faintly glowing hunting sling
  6603 | D:7      | Identified the +6 hunting sling "Tuxil" {venom, *Confuse rF+ Str+3 Int+4} (You found it on level 7 of the Dungeon)
  6723 | D:7      | Found a staircase to the Ecumenical Temple.
  6751 | Temple   | Entered the Ecumenical Temple
  6804 | Temple   | Became a worshipper of Fedhas Madash
  6997 | D:8      | Reached skill level 10 in Dodging
  7268 | D:8      | Noticed Erica
  7289 | D:8      | Killed Erica
  7289 | D:8      | Reached skill level 11 in Bows
  7539 | D:8      | Noticed Joseph
  7581 | D:8      | Killed Joseph
  7625 | D:8      | Noticed Erolcha
  7633 | D:8      | Killed Erolcha
  7690 | D:8      | Gained mutation: You passively map a small area around you. [potion of mutation]
  7760 | D:8      | Noticed a cyclops
  8053 | D:8      | Noticed Grum
  8072 | D:8      | Killed Grum
  8128 | D:8      | Noticed Prince Ribbit
  8134 | D:8      | Reached XP level 11. HP: 58/69 MP: 12/12
  8321 | D:8      | Reached * piety under Fedhas
  8616 | D:9      | Found a bloodstained altar of Trog.
  8626 | D:9      | Identified a +1 rod of clouds (10/10) (You found it on level 8 of the Dungeon)
  9084 | D:9      | Found a glowing silver altar of Zin.
  9274 | D:9      | Reached ** piety under Fedhas
  9341 | D:9      | Found a shadowy altar of Dithmenos.
  9377 | D:10     | Entered Level 10 of the Dungeon
  9377 | D:10     | Noticed Fannar
  9703 | D:10     | Lost mutation: You are frail (-10% HP). [potion of cure mutation]
  9703 | D:10     | Lost mutation: You are clumsy. (Dex -2) [potion of cure mutation]
  9703 | D:10     | Lost mutation: You possess an exceptional clarity of mind. [potion of cure mutation]
  9703 | D:10     | Lost mutation: You have a pair of small antennae on your head. [potion of cure mutation]
  9704 | D:10     | Gained mutation: Your mind is acute. (Int +2) [potion of beneficial mutation]
  9765 | D:10     | Noticed a hill giant
  9797 | D:10     | Reached skill level 12 in Bows
  9812 | D:10     | Killed a hill giant
  9903 | D:10     | Lost mutation: Scrolls take you a little longer to read. [evolution]
  9972 | D:10     | Reached *** piety under Fedhas
 10016 | D:10     | Found a staircase to the Lair.
 10143 | D:10     | Found a white marble altar of Elyvilon.
 10195 | D:10     | Found a staircase to the Orcish Mines.
 10462 | D:10     | Found a deep blue altar of Sif Muna.
 10485 | D:10     | Identified Sif Muna's Handbook of Dark Magic
 10860 | D:11     | Noticed a centaur warrior
 11167 | D:11     | Reached skill level 10 in Stealth
 11565 | D:11     | Identified a scroll of acquirement
 11722 | D:11     | Killed a centaur warrior
 11725 | D:11     | Reached skill level 1 in Armour
 11953 | D:11     | Gained mutation: You can translocate small distances at will. [evolution]
 12256 | Lair:1   | Entered Level 1 of the Lair of Beasts
 12595 | Lair:1   | Reached **** piety under Fedhas
 12720 | Lair:1   | Reached XP level 12. HP: 65/85 MP: 13/13
 13619 | Lair:2   | Reached skill level 13 in Bows
 13864 | Lair:2   | Noticed a four-headed hydra
 13870 | Lair:2   | Killed a four-headed hydra
 14597 | Lair:3   | Noticed Rupert
 14607 | Lair:3   | Reached ***** piety under Fedhas
 14627 | Lair:3   | Noticed Gastronok
 14653 | Lair:3   | Killed Gastronok
 14653 | Lair:3   | Reached skill level 14 in Bows
 14670 | Lair:3   | Noticed Nergalle
 14685 | Lair:3   | Gained mutation: You have large cloven feet. [evolution]
 14698 | Lair:3   | Noticed Snorg
 14714 | Lair:3   | Noticed mrath's ghost (journeyman TrHu)
 15112 | Lair:3   | Killed Rupert
 15207 | Lair:3   | Reached skill level 10 in Fighting
 15673 | Lair:3   | Killed Snorg
 15673 | Lair:3   | Reached XP level 13. HP: 92/92 MP: 14/14
 16126 | Lair:4   | Reached skill level 15 in Bows
 16361 | Lair:4   | Learned a level 1 spell: Summon Butterflies
 16630 | Lair:4   | Reached skill level 1 in Translocations
 16903 | Lair:5   | Reached skill level 1 in Spellcasting
 17232 | Lair:5   | Reached ****** piety under Fedhas
 17450 | Lair:5   | Found a staircase to the Shoals.
 17625 | Lair:5   | Found a staircase to the Snake Pit.
 17858 | Lair:5   | Reached skill level 5 in Armour
 17858 | Lair:5   | Reached skill level 15 in Dodging
 18204 | Lair:6   | Reached skill level 16 in Bows
 19172 | Lair:7   | Found a staircase to the Slime Pits.
 19342 | Lair:7   | Noticed Nessos
 19386 | Lair:7   | Killed Nessos
 19470 | Lair:7   | Reached XP level 14. HP: 81/99 MP: 20/20
 19958 | Lair:8   | Entered Level 8 of the Lair of Beasts
 19958 | Lair:8   | Noticed Josephine
 20294 | Lair:8   | Killed Josephine
 20325 | Lair:8   | Gained mutation: Your mind is very acute. (Int +4) [evolution]
 20766 | Lair:8   | Reached skill level 17 in Bows
 20766 | Lair:8   | Reached skill level 5 in Spellcasting
 21321 | Lair:3   | Reached skill level 5 in Translocations
 22444 | D:13     | Reached skill level 1 in Invocations
 22555 | D:13     | Found a deep blue altar of Sif Muna.
 23152 | D:13     | Got an ancient bardiche
 23153 | D:13     | Identified the +10 bardiche "Laemm" {freeze, SInv} (You found it on level 13 of the Dungeon)
 23542 | D:14     | Found a gate to the Vaults.
 23805 | D:14     | Reached XP level 15. HP: 97/103 MP: 25/25
 23863 | D:14     | Reached skill level 18 in Bows
 24208 | Orc:1    | Entered Level 1 of the Orcish Mines
 24471 | Orc:1    | Found Xocoim's Magic Scroll Emporium.
 24479 | Orc:1    | Bought a scroll of recharging for 114 gold pieces
 24621 | Orc:2    | Entered Level 2 of the Orcish Mines
 24744 | Orc:2    | Found a staircase to the Elven Halls.
 24795 | Orc:2    | Noticed Sonja
 24800 | Orc:2    | Killed Sonja
 24994 | Orc:2    | Found Icziq's Magic Scroll Shop.
 25133 | Orc:2    | Found Ruchacsoseh's Antique Weapon Boutique.
 25171 | Orc:2    | Found Healet Eche's Armour Shoppe.
 25179 | Orc:2    | Bought a scroll of blinking for 90 gold pieces
 25188 | Orc:2    | Found Jiosh's Food Shop.
 25204 | Orc:2    | Bought an ancient shortbow for 208 gold pieces
 25248 | Orc:2    | Bought the +0 leather armour "Fudgh" {Regen+ MP-9 Slay+5} for 480 gold pieces
 25358 | Orc:2    | Identified the cursed +1 shortbow "Gram" {freeze, rPois Str+3} (You bought it in a shop on level 2 of the Orcish Mines)
 25375 | Orc:2    | Gained mutation: You are partially covered in slimy green scales (AC +2). [evolution]
 25520 | D:15     | Entered Level 15 of the Dungeon
 25576 | D:15     | Found a glowing golden altar of the Shining One.
 25814 | D:15     | Noticed Roxanne
 25835 | D:15     | Killed Roxanne
 25835 | D:15     | Reached skill level 5 in Invocations
 25843 | D:15     | Identified Roxanne's Tome of Earth (You took it off Roxanne on level 15 of the Dungeon)
 25880 | D:15     | Learned a level 8 spell: Controlled Blink
 26139 | D:15     | Noticed Kirke
 26156 | D:15     | Killed Kirke
 26310 | D:15     | Found a staircase to the Depths.
 26310 | D:15     | Noticed a frost giant
 26382 | D:15     | Killed a frost giant
 26445 | D:15     | Found Zaibeiraf's Distillery.
 26448 | D:15     | Bought a potion of heal wounds for 70 gold pieces
 26448 | D:15     | Bought 2 potions of heal wounds for 140 gold pieces
 26448 | D:15     | Bought a potion of agility for 56 gold pieces
 26776 | Lair:3   | Killed Nergalle
 26822 | Snake:1  | Entered Level 1 of the Snake Pit
 26825 | Snake:1  | Reached skill level 19 in Bows
 26948 | Snake:1  | Noticed Donald
 26959 | Snake:1  | Killed Donald
 26963 | Snake:1  | Got a polished shield {Donald}
 26964 | Snake:1  | Identified the +5 shield of the Barnacle {SInv} (You took it off Donald on level 1 of the Snake Pit)
 27098 | Snake:1  | Found a burning altar of Makhleb.
 27333 | Snake:1  | Reached XP level 16. HP: 54/110 MP: 20/29
 29724 | Snake:3  | Reached skill level 20 in Bows
 30352 | Snake:4  | Entered Level 4 of the Snake Pit
 30362 | Snake:4  | Learned a level 6 spell: Dispersal
 30376 | Snake:4  | Noticed Wiglaf
 30390 | Snake:4  | Killed Wiglaf
 30454 | Snake:4  | Noticed Aizul
 30476 | Snake:4  | Killed Aizul
 30697 | Snake:4  | Reached XP level 17. HP: 117/117 MP: 22/31
 30705 | Snake:4  | Reached skill level 10 in Spellcasting
 30833 | Snake:4  | Killed from afar by a greater naga

Skill      XL: |  1  2  3  4  5  6  7  8  9 10 11 12 13 14 15 16 17 |
---------------+----------------------------------------------------+-----
Stealth        | 2 3 4 6 7 9 10 | 10.1
Bows           | 6 7 8 9 10 11 12 14 16 17 19 20 | 20.5
Fighting       | 3 4 5 6 7 9 10 11 | 11.6
Dodging        | 3 4 5 7 9 11 13 14 15 16 | 16.1
Armour         | 1 4 5 7 8 |  8.0
Translocations | 3 6 7 9 |  9.9
Spellcasting   | 3 6 8 9 10 | 10.1
Invocations    | 3 6 8 9 |  9.0

Action                   |  1- 3 |  4- 6 |  7- 9 | 10-12 | 13-15 | 16-18 || total
-------------------------+-------+-------+-------+-------+-------+-------++-------
Melee: Spear             |       |    37 |   345 |   607 |       |       ||   989
       Longbow           |       |       |       |       |     2 |       ||     2
 Fire: Shortbow          |   103 |   184 |    36 |    44 |       |       ||   367
       Longbow           |       |       |       |   313 |  1642 |   625 ||  2580
Invok: Evolution         |       |       |       |       |    20 |    18 ||    38
 Abil: Evoke Flight      |       |       |       |     1 |       |       ||     1
       Blink             |       |       |       |       |     1 |       ||     1
Evoke: Wand              |       |       |     3 |     9 |     5 |     1 ||    18
  Use: Scroll            |       |     6 |    19 |    15 |    14 |     1 ||    55
       Potion            |       |     1 |     6 |    10 |     6 |     3 ||    26
 Stab: Sleeping          |       |     2 |     4 |    29 |       |       ||    35
       Distracted        |       |       |     5 |     2 |       |       ||     7
  Eat: Chunk             |     1 |     7 |     9 |    25 |    27 |     4 ||    73
       Beef jerky        |       |       |       |     4 |     6 |       ||    10
       Pizza             |       |       |       |       |     1 |       ||     1
       Royal jelly       |       |       |       |       |       |     5 ||     5
Armor: Leather armour    |    13 |    16 |    20 |       |     6 |    15 ||    70
       Ring mail         |       |       |    63 |   179 |    90 |       ||   332
       Troll leather arm |       |       |       |       |     5 |       ||     5
Dodge: Dodged            |    24 |    66 |   251 |   595 |   490 |   100 ||  1526
